[Event "RUS-chT Blitz Women 2018"]
[Site "Sochi"]
[Date "2018.10.10"]
[Round "1.9"]
[White "Voit, Daria"]
[Black "Maltseva, Aleksandra"]
[Result "1-0"]
[ECO "A05"]
[WhiteElo "2352"]
[BlackElo "1347"]
[Annotator "NA RC"]
[PlyCount "55"]
[EventDate "2018.10.10"]
[EventType "swiss"]
[EventCountry "RUS"]
[SourceTitle "playchess.com"]
[Source "ChessBase"]
[SourceQuality "1"]
[TimeControl "180+2"]

1. Nf3 Nf6 2. c4 g6 3. Nc3 Bg7 4. d4 O-O 5. Bg5 h6 6. Bh4 d6 7. e3 Nbd7 8. Be2 c5 9. O-O cxd4 10. exd4 Nb6 11. b3 $14 Kh7 12. h3 Nh5 13. Bd3 Nf4 14. Bc2 Bf5 15. Re1 Bxc2 16. Qxc2 Re8 17. Qe4 Ne6 18. Qxb7 Nxd4 19. Nxd4 Bxd4 20. Bxe7 Rxe7 21. Rxe7 Kg8 22. Rc1 Qf8 23. Qe4 Bxc3 24. Rxc3 Re8 25. Rxe8 Qxe8 26. Qxe8+ Kg7 27. Rf3 a6 28. Rxf7# 1-0